 Dungeon Crawl Stone Soup version 0.21.0-3-g78d12a8 (webtiles) character file.

407506 inmateoo the Phalangite (level 22, -5/195 HPs)
             Began as a Minotaur Fighter on Jan 17, 2018.
             Was the Champion of the Shining One.
             Slain by a golden dragon zombie (7 damage)
             ... animated by the effects of Hell
             ... on level 3 of the Iron City of Dis.
             The game lasted 01:29:51 (53999 turns).

inmateoo the Phalangite (Minotaur Fighter)         Turns: 53999, Time: 01:29:52

Health: -5/195     AC: 27    Str: 37    XL:     22   Next: 92%
Magic:  24/36      EV:  2    Int:  7    God:    the Shining One [******]
Gold:   1588       SH:  0    Dex: 18    Spells: 21/21 levels left

rFire    + + .     SeeInvis +   c - +2 trident (pierce)
rCold    + + .     Gourm    .   T - +0 shield of Guluef {rElec Str+5}
rNeg     + + +     Faith    .   R - +0 plate armour of Tartarus {-Cast rF+ rC+ rCorr} (curse)
rPois    ∞         Spirit   .   O - +0 hat {SInv}
rElec    +         Reflect  +   Z - +1 cloak of Starlight {rElec rC+ EV+4 Stlth--}
rCorr    +         Harm     .   P - +2 pair of gloves {Str+3}
MR       +....     Clarity  +   i - +1 pair of boots Stlth ..........NoCast +
                                e - +5 amulet of reflection
HPRegen  0.42/turn              C - ring "Wabru Kyl" {rF+ Dex+4}
MPRegen  0.25/turn              S - +5 ring of protection

@: petrified, glowing
A: retaliatory headbutt, hooves 1, horns 2, iridescent scales 1, agile 1,
clarity, clever 1, deformed body, poison resistance, wild magic 1
a: Divine Shield, Cleansing Flame, Summon Divine Warrior, Brand Weapon With Holy
Wrath, Renounce Religion


You were on level 3 of the Iron City of Dis.
You worshipped the Shining One.
The Shining One was exalted by your worship.
You were very hungry.

You visited 8 branches of the dungeon, and saw 36 of its levels.
You visited the Abyss 1 time.
You visited 1 bazaar.
You also visited: Labyrinth, Ossuary and Wizlab.

You collected 4054 gold pieces.
You spent 2466 gold pieces at shops.

Inventory:

Hand Weapons
 a - a +1 trident of protection
 c - a +2 trident of piercing (weapon)
Armour
 i - a +1 pair of boots (worn)
 O - a +0 hat of see invisible (worn)
 P - a +2 pair of gloves of strength (worn)
 Q - a scarf of repulsion
 R - the cursed +0 plate armour of Tartarus (worn) {-Cast rF+ rC+ rCorr}
   (You bought it in a shop on level 3 of the Elven Halls)

   It protects you from fire.
   It protects you from cold.
   It prevents spellcasting.
   It protects you from acid and corrosion.
   It has a curse placed upon it.
 T - the +0 shield of Guluef (worn) {rElec Str+5}
   (You bought it in a shop on level 10 of the Dungeon)

   It affects your strength (+5).
   It insulates you from electricity.
 Z - the +1 cloak of Starlight (worn) {rElec rC+ EV+4 Stlth--}
   (You found it in a wizard's laboratory)

   It affects your evasion (+4).
   It protects you from cold.
   It insulates you from electricity.
   It makes you much less stealthy.
Jewellery
 e - a +5 amulet of reflection (around neck)
 C - the ring "Wabru Kyl" (left hand) {rF+ Dex+4}
   (You took it off a minotaur in a labyrinth)

   [ring of protection from fire]

   It affects your dexterity (+4).
   It protects you from fire.
 K - the ring of Eternal Harmony {rPois MR+}
   (You took it off a deep elf mage on level 3 of the Elven Halls)

   [ring of poison resistance]

   It protects you from poison.
   It affects your resistance to hostile enchantments.
 S - a +5 ring of protection (right hand)
 W - an uncursed ring of resist corrosion
Wands
 p - a wand of acid (8)
 r - a wand of polymorph (66)
 t - a wand of flame (53)
 u - a wand of paralysis (30)
 v - a wand of scattershot (6)
 A - a wand of enslavement (10)
 D - a wand of digging (25)
 E - a wand of iceblast (8)
 I - a wand of disintegration (57)
Scrolls
 g - 10 scrolls of teleportation
 h - 16 scrolls of remove curse
 j - a scroll of enchant armour
 m - 4 scrolls of enchant weapon
 o - 5 scrolls of magic mapping
 x - 8 scrolls of blinking
 H - 3 scrolls of fear
 J - 2 scrolls of identify
 L - 12 scrolls of amnesia
 U - a scroll of brand weapon
 Y - 4 scrolls of fog
Potions
 b - 4 potions of haste
 d - a potion of cancellation
 k - 3 potions of lignification
 l - 9 potions of brilliance
 n - 7 potions of flight
 q - 2 potions of curing
 s - 4 potions of resistance
 z - a potion of magic
 B - 6 potions of agility
 F - a potion of ambrosia
 G - 5 potions of might
 N - 3 potions of mutation
 V - 2 potions of heal wounds
Miscellaneous
 w - a lamp of fire
 X - a phial of floods
Comestibles
 f - 26 rations


   Skills:
 * Level 16.1 Fighting
 - Level 24.0 Polearms
 - Level 15.0 Armour
 - Level 15.0 Dodging
 - Level 13.6 Shields
 * Level 23.7 Invocations


You had 21 spell levels left.
You didn't know any spells.

Dungeon Overview and Level Annotations

Branches:
Dungeon (15/15)            Temple (1/1) D:4            Lair (6/6) D:9
  Swamp (0/4) Lair:4       Spider (0/4) Lair:3        Slime (0/5) Lair:5
    Orc (2/2) D:10            Elf (3/3) Orc:2        Vaults (0/5) D:14
 Depths (5/5) D:15           Hell (1/1)                 Dis (3/7) Hell
    Geh (0/7) Hell            Coc (0/7) Hell            Tar (0/7) Hell
    Zot (0/5) Depths:5

Altars:
Ashenzari
Cheibriados
Dithmenos
Elyvilon
Fedhas
Gozag
Hepliaklqana
Kikubaaqudgha
Makhleb
Nemelex Xobeh
Okawaru
Qazlal
Ru
Sif Muna
Trog
Uskayaw
Vehumet
Wu Jian
Xom
Yredelemnul
Zin
The Shining One
Beogh
Jiyva

Shops:
D:4 *%   D:9 [   D:10 *   D:15 (   Orc:1 =   Orc:2 }:(!   Elf:3 *

Portals:
Hell: Depths:1 Depths:2 Depths:3 Depths:4 Depths:5
Abyss: Depths:4
Pandemonium: Depths:3 Depths:4
Ziggurat: Depths:1

Annotations:
Lair:1 exclusion: oklob plant


Innate Abilities, Weirdness & Mutations

You reflexively headbutt those who attack you in melee.
You have a pair of horns on your head.
You have large cloven feet.
You are partially covered in iridescent scales. (AC +2)
You are agile. (Dex +2)
You possess an exceptional clarity of mind.
Your mind is acute. (Int +2)
Armour fits poorly on your strangely shaped body.
Your system is resistant to poisons. (rPois)
Your spells are a little harder to cast, but a little more powerful.


Message History

The golden dragon zombie claws you but does no damage.
The golden dragon zombie tramples you.
* * * LOW HITPOINT WARNING * * *
The skeletal warrior hits you but does no damage.
The skeletal warrior hits you with a dire flail.
* * * LOW HITPOINT WARNING * * *
The reaper hits you with a scythe of slicing!!
* * * LOW HITPOINT WARNING * * *
x2 The skeletal warrior hits you but does no damage. x2
The golden dragon zombie bites you but does no damage.
The golden dragon zombie claws you but does no damage.
The golden dragon zombie tramples you but does no damage.
The skeletal warrior hits you but does no damage.
The skeletal warrior hits you but does no damage.
The reaper hits you with a scythe of slicing!
* * * LOW HITPOINT WARNING * * *
The skeletal warrior hits you with a dire flail!
* * * LOW HITPOINT WARNING * * *
The golden dragon zombie bites you!
You die...

..................#......#.....#.
..................#......#.....'.
..................#......+.....#.
......#########'###......#...###.
...... .............#########...
..... .............#.......#...
..... ......5..z...'.......#...
.... .........z)..#.......#...
#### ........@z)..#.......#...
........Z2...#.......+...
........∩....#######'#...
........................
##############..........>.
#.....∩......#.........###
#####.........'.........#
#...#.........#.........#
#.>.#.........#.........#


You could see a reaper, 3 skeletal warriors, an iron imp and a golden dragon
zombie.

Vanquished Creatures
  7 caustic shrikes
  Saint Roka (Depths:3)
  Geryon (Hell)
  2 golden dragons
  A Brimstone Fiend (Dis:1)
  Jorgrun (Depths:5)
  An iron giant (Dis:3)
  3 tentacled monstrosities
  A lich (Depths:2)
  An Ice Fiend (Dis:2)
  3 titans
  A quicksilver dragon (Depths:3)
  3 deep elf blademasters
  Frances (D:11)
  Gastronok (Lair:1)
  3 sphinxes
  An Executioner (Dis:1)
  4 ancient champions
  Kirke (Lair:5)
  3 tengu reavers
  An eldritch tentacle (WizLab)
  4 storm dragons
  2 shadow dragons
  4 draconian monks (Depths:5)
  9 frost giants
  6 fire giants
  An orc warlord (Elf:3)
  2 balrugs
  8 deep elf sorcerers
  3 iron dragons
  7 deep elf elementalists (Elf:3)
  2 cacodemons
  A draconian stormcaller (Depths:5)
  3 draconian annihilators (Depths:5)
  A war gargoyle (Hell)
  9 reapers
  2 spriggan defenders (Depths:4)
  10 very ugly things
  A caustic shrike skeleton (Depths:4)
  3 green draconians (Depths:5)
  13 stone giants
  An entropy weaver (Depths:4)
  An entropy weaver (shapeshifter) (Depths:1)
  6 white draconians (Depths:5)
  2 lorocyprocas (Hell)
  3 black draconians (Depths:5)
  4 deep elf annihilators
  4 vampire knights (Depths:4)
  A red draconian (Depths:5)
  5 spark wasps
  3 purple draconians (Depths:5)
  10 deep elf demonologists
  Snorg (D:13)
  An eidolon (WizLab)
  A blizzard demon (Hell)
  9 ettins
  11 fire dragons
  2 deep elf death magi (Elf:3)
  2 jiangshi (Depths:2)
  5 yaktaur captains
  A kraken zombie (Hell)
  3 deep elf high priests
  A minotaur (Lab)
  3 vault guards (D:14)
  2 great orbs of eyes
  9 hydras
  A hydra (shapeshifter) (Depths:4)
  6 ogre magi
  6 ice dragons
  3 rakshasas
  3 catoblepae (Lair:6)
  Erica (D:9)
  5 centaur warriors
  2 spriggan air magi
  17 two-headed ogres
  22 dancing weapons
  7 deep troll shamans
  7 death yaks (Lair:6)
  9 deep troll earth magi
  6 hell hogs (Hell)
  6 vampire magi
  2 tengu warriors
  19 hell knights
  10 spriggan berserkers
  An orc high priest (Elf:3)
  A storm dragon zombie (Dis:3)
  A thrashing horror (WizLab)
  8 sun demons
  40 skeletal warriors
  3 soul eaters
  6 spriggans
  20 deep elf knights
  An iron golem (Dis:3)
  2 iron trolls
  The ghost of appiemonkey the Spear-Bearer, a novice DsGl of Cheibriados (D:8)
  A golden dragon zombie (D:15)
  A shadow wraith (Depths:1)
  4 unseen horrors
  3 death drakes (Depths:5)
  A quicksilver dragon simulacrum (Hell)
  2 anaconda zombies (Hell)
  14 deep trolls
  A flayed ghost (Depths:3)
  5 glowing orange brains
  4 wizards
  8 lindwurms
  An obsidian statue (WizLab)
  9 orc knights
  A wolf spider zombie (D:14)
  11 deep elf archers
  A mana viper (shapeshifter) (Depths:4)
  Pikel (Temple)
  An anaconda skeleton (Dis:2)
  12 necromancers
  A phantasmal warrior (Depths:4)
  13 orc sorcerers
  26 ugly things
  A wolf spider (shapeshifter) (Depths:2)
  4 manticores
  65 deep elf magi
  3 wolf spiders
  3 cyclopes
  A moth of wrath (shapeshifter) (Depths:1)
  2 fire giant zombies (Dis:3)
  A fire giant skeleton (D:15)
  The ghost of cliffracer the Grave Robber, a novice GrNe (D:6)
  4 black mambas
  2 frost giant skeletons
  Maurice (Orc:2)
  An elephant (shapeshifter) (Depths:3)
  9 rust devils
  3 guardian serpents
  A dire elephant zombie (Dis:3)
  A centaur zombie (D:10)
  2 smoke demons
  A stone giant skeleton (Dis:3)
  6 hellions
  A shock serpent skeleton (Hell)
  2 orange demons
  A gargoyle (D:11)
  11 spiny frogs
  9 komodo dragons
  An emperor scorpion zombie (Hell)
  12 yaktaurs
  2 yaktaurs (shapeshifter)
  2 freezing wraiths
  A rime drake (Lair:1)
  4 tormentors
  A yaktaur skeleton (WizLab)
  2 demonic crawlers
  A guardian mummy (D:15)
  8 ice devils
  6 tengu conjurers
  2 ancient zymes (WizLab)
  3 hellwings
  8 trolls
  2 hydra zombies (Hell)
  The ghost of inmateoo the Poker, an amateur MiFi (D:4)
  5 red devils
  3 polar bears
  7 hornets
  2 wind drakes (Depths:5)
  15 blink frogs
  A polar bear (shapeshifter) (Elf:2)
  Prince Ribbit (D:6)
  9 hippogriffs
  Grinder (D:6)
  A fire dragon zombie (D:15)
  2 hydra skeletons (Hell)
  2 ice dragon zombies
  10 slime creatures
  A dream sheep (shapeshifter) (Depths:1)
  An ettin zombie (Dis:3)
  9 air elementals
  4 flying skulls (Dis:3)
  Sigmund (D:5)
  4 wraiths
  2 shadows (Dis:1)
  A large abomination (Depths:1)
  4 water elementals
  A tarantella (shapeshifter) (D:14)
  2 hogs (Lair:5)
  2 alligator skeletons (Hell)
  44 yaks
  Eustachio (D:5)
  A hog (shapeshifter) (Depths:1)
  A human (D:14)
  3 wyverns
  A fire bat (shapeshifter) (Depths:3)
  6 vampire mosquitoes
  6 hungry ghosts
  9 fire elementals (Hell)
  5 spatial vortices (WizLab)
  A chaos spawn (Depths:1)
  A harpy simulacrum (D:15)
  Edmund (D:5)
  3 wargs
  3 insubstantial wisps (WizLab)
  An acid dragon (D:12)
  20 water moccasins
  6 porcupines
  4 swamp drakes (Depths:5)
  34 orc warriors
  6 sky beasts
  A spiny frog skeleton (Hell)
  30 hell hounds
  An alligator simulacrum (Hell)
  An ice beast (D:5)
  2 black bears
  A meliai simulacrum (D:15)
  4 starcursed masses (WizLab)
  A swamp dragon zombie (Dis:2)
  2 eyes of draining (D:15)
  20 ogres
  3 necrophages
  2 phantoms
  5 boggarts
  23 wolves
  10 centaurs
  A hornet zombie (D:9)
  12 crocodiles
  3 big kobolds
  13 bullfrogs
  3 earth elementals
  A small abomination (Depths:1)
  5 scorpions
  4 wights (D:11)
  8 howler monkeys
  3 electric eels
  8 crimson imps
  A bullfrog zombie (D:6)
  A quasit (D:10)
  4 hounds
  A gnoll shaman (D:6)
  7 jellies
  15 orc priests
  Crazy Yiuf (D:5)
  5 centaur skeletons
  4 iguanas
  7 iron imps
  29 orc wizards
  A bullfrog skeleton (D:12)
  A human skeleton (Hell)
  6 hell rats
  7 worker ants
  A hound skeleton (D:8)
  5 mummies
  2 worker ant zombies
  7 gnolls
  A howler monkey skeleton (D:7)
  10 adders
  5 shadow imps
  A white imp (Depths:1)
  An ufetubus (WizLab)
  7 oozes
  An adder skeleton (D:7)
  A worm (D:3)
  5 leopard geckos
  61 orcs
  9 bats
  2 giant cockroaches
  12 goblins
  8 hobgoblins
  11 jackals
  2 quokkas
  2 ball pythons
  4 frilled lizards
  11 gnoll skeletons (Ossuary)
  17 kobolds
  3 kobold skeletons (Ossuary)
  11 orc skeletons (Ossuary)
  A quokka skeleton (D:5)
  7 rats
  2 fungi (D:5)
  A plant (Lair:3)
  3 tentacles (Hell)
1471 creatures vanquished.

Vanquished Creatures (collateral kills)
  Mennas (Depths:3)
  2 juggernauts
  A caustic shrike (Depths:4)
  A lich (Depths:1)
  A balrug (Depths:3)
  A reaper (Depths:1)
  A stone giant (Depths:1)
  An entropy weaver (Depths:4)
  2 great orbs of eyes
  2 spriggan berserkers
  A hell knight (Depths:1)
  A human (shapeshifter) (Depths:3)
  An insubstantial wisp (Depths:1)
  A boggart (Depths:1)
  A giant cockroach (Depths:1)
18 creatures vanquished.

Vanquished Creatures (others)
  2 deep elf master archers (Elf:3)
  2 stone giants
  2 yaktaur captains
  A dancing weapon (Elf:2)
  A deep troll earth mage (D:14)
  2 deep elf archers
  A deep elf mage (Elf:2)
  A cyclops (D:14)
  8 yaktaurs
  A red devil (Depths:5)
  A troll (D:12)
  A blink frog (shapeshifter) (Elf:2)
  A slave (D:4)
  A bullfrog (D:12)
  An orc wizard (Orc:2)
  A shadow imp (D:12)
  A giant cockroach (D:4)
  5 fungi
  9 plants
  4 tentacles (Hell)
46 creatures vanquished.

Grand Total: 1535 creatures vanquished

Notes
Turn   | Place    | Note
-------+----------+-------------------------------------------
     0 | D:1      | inmateoo the Minotaur Fighter began the quest for the Orb.
     0 | D:1      | Reached XP level 1. HP: 19/19 MP: 0/0
   211 | D:1      | Reached XP level 2. HP: 25/27 MP: 1/1
   472 | D:1      | Reached skill level 1 in Dodging
   472 | D:1      | Reached XP level 3. HP: 33/33 MP: 2/2
   597 | D:1      | Reached skill level 3 in Polearms
   626 | D:2      | Found a stormy altar of Qazlal.
   665 | D:2      | Found a shattered altar of Ashenzari.
   667 | D:2      | Found a radiant altar of Vehumet.
  1144 | D:2      | Found a glowing golden altar of the Shining One.
  1306 | D:3      | Found a hide-covered altar of Uskayaw.
  1321 | D:3      | Reached XP level 4. HP: 29/41 MP: 3/3
  1439 | D:3      | Reached XP level 5. HP: 37/47 MP: 4/4
  1705 | D:4      | Found a sand-covered staircase.
  1771 | Ossuary  | Entered an ossuary
  1771 | Ossuary  | Noticed a wraith
  1771 | Ossuary  | Noticed a wraith
  1771 | Ossuary  | Noticed a wraith
  2057 | Ossuary  | Noticed a wraith
  2081 | Ossuary  | Killed a wraith
  2081 | Ossuary  | Reached skill level 5 in Fighting
  2081 | Ossuary  | Reached skill level 4 in Polearms
  2081 | Ossuary  | Reached skill level 5 in Armour
  2081 | Ossuary  | Reached XP level 6. HP: 31/56 MP: 5/5
  2265 | D:4      | Noticed a hippogriff
  2274 | D:4      | Killed a hippogriff
  2274 | D:4      | Reached XP level 7. HP: 40/62 MP: 6/6
  2388 | D:4      | Noticed inmateoo's ghost (amateur MiFi)
  2414 | D:3      | Reached skill level 5 in Polearms
  2540 | D:4      | Found Plog's Food Shoppe.
  2594 | D:4      | Found a staircase to the Ecumenical Temple.
  2621 | D:4      | Noticed Pikel
  2629 | Temple   | Entered the Ecumenical Temple
  2643 | Temple   | Killed Pikel
  2643 | Temple   | Reached skill level 5 in Shields
  2673 | Temple   | Became a worshipper of Elyvilon the Healer
  2793 | D:4      | Killed inmateoo's ghost
  2793 | D:4      | Reached skill level 6 in Polearms
  2793 | D:4      | Reached XP level 8. HP: 27/73 MP: 7/7
  3024 | D:4      | Found Zeuxkyla's Assorted Antiques.
  3032 | D:4      | Bought a shiny copper ring for 125 gold pieces
  3032 | D:4      | Bought 2 scrolls of identify for 100 gold pieces
  3328 | D:4      | Reached * piety under Elyvilon
  3374 | D:4      | Found a sacrificial altar of Ru.
  3411 | D:5      | Entered Level 5 of the Dungeon
  3419 | D:5      | Noticed Edmund
  3432 | D:5      | Killed Edmund
  3520 | D:5      | Reached skill level 7 in Polearms
  3674 | D:5      | Noticed Eustachio
  3693 | D:5      | Killed Eustachio
  3794 | D:5      | Reached skill level 8 in Polearms
  3924 | D:5      | Reached XP level 9. HP: 59/81 MP: 8/8
  4067 | D:5      | Reached skill level 5 in Dodging
  4160 | D:5      | Found a runed door.
  4164 | D:5      | Noticed Crazy Yiuf
  4169 | D:5      | Killed Crazy Yiuf
  4275 | D:5      | Noticed Sigmund
  4283 | D:5      | Killed Sigmund
  4293 | D:5      | Gained mutation: You are frail. (-10% HP) [potion of mutation]
  4293 | D:5      | Gained mutation: You have sharp toenails. [potion of mutation]
  4391 | D:5      | Lost mutation: You are frail. (-10% HP) [potion of mutation]
  4391 | D:5      | Lost mutation: You have sharp toenails. [potion of mutation]
  4391 | D:5      | Gained mutation: You are frail. (-10% HP) [potion of mutation]
  4391 | D:5      | Gained mutation: Armour fits poorly on your strangely shaped body. [potion of mutation]
  4391 | D:5      | Gained mutation: You evolve. [potion of mutation]
  4468 | D:5      | Found a shimmering altar of Xom.
  4527 | D:5      | Gained mutation: You are agile. (Dex +2) [evolution]
  4581 | D:6      | Reached skill level 9 in Polearms
  4753 | D:6      | Found an ornate altar of the Wu Jian Council.
  4955 | D:6      | Noticed Grinder
  4956 | D:6      | Paralysed by Grinder for 5 turns
  4970 | D:6      | Killed Grinder
  5027 | D:6      | Noticed Prince Ribbit
  5047 | D:6      | Killed Prince Ribbit
  5047 | D:6      | Reached skill level 10 in Polearms
  5071 | D:6      | Reached ** piety under Elyvilon
  5072 | D:6      | Noticed cliffracer's ghost (novice GrNe)
  5088 | D:6      | Killed cliffracer's ghost
  5723 | D:7      | Found a snail-covered altar of Cheibriados.
  5797 | D:7      | Found an opulent altar of Gozag.
  5803 | D:7      | Gained mutation: Your mind is acute. (Int +2) [evolution]
  5933 | D:7      | Reached *** piety under Elyvilon
  6312 | D:8      | Reached skill level 11 in Polearms
  6411 | D:8      | Noticed a troll
  6424 | D:8      | Killed a troll
  6534 | D:8      | Reached XP level 10. HP: 74/79 MP: 9/9
  6624 | D:8      | Found a basalt altar of Yredelemnul.
  6695 | D:8      | Found a burning altar of Makhleb.
  6700 | D:8      | Found a glowing silver altar of Zin.
  6700 | D:8      | Noticed an angel
  6700 | D:8      | Noticed a blizzard demon
  6926 | D:8      | Reached skill level 12 in Polearms
  6982 | D:8      | Noticed appiemonkey's ghost (novice DsGl)
  7021 | D:8      | Killed appiemonkey's ghost
  7373 | D:8      | Reached **** piety under Elyvilon
  7849 | D:9      | Noticed a manticore
  7862 | D:9      | Killed a manticore
  7862 | D:9      | Reached skill level 13 in Polearms
  8390 | D:9      | Found Nyang's Antique Armour Emporium.
  8464 | D:9      | Found a staircase to the Lair.
  8863 | D:9      | Found a sparkling altar of Nemelex Xobeh.
  8863 | D:9      | Noticed Erica
  8880 | D:9      | Killed Erica
  8881 | D:9      | Found an opulent altar of Gozag.
  9021 | D:10     | Entered Level 10 of the Dungeon
  9033 | D:10     | Reached XP level 11. HP: 84/84 MP: 10/10
  9037 | D:10     | Reached ***** piety under Elyvilon
  9054 | D:10     | Noticed a two-headed ogre
  9093 | D:10     | Reached skill level 14 in Polearms
  9098 | D:10     | Killed a two-headed ogre
  9227 | D:10     | Found Qadey's Assorted Antiques.
  9668 | D:10     | Found a staircase to the Orcish Mines.
 10255 | D:11     | Reached skill level 10 in Dodging
 10315 | D:11     | Reached skill level 15 in Polearms
 10776 | Orc:1    | Entered Level 1 of the Orcish Mines
 10816 | Orc:2    | Entered Level 2 of the Orcish Mines
 10903 | Orc:1    | Noticed an orc sorcerer
 10913 | Orc:1    | Killed an orc sorcerer
 11184 | Orc:1    | Noticed an orc sorcerer
 11193 | Orc:1    | Killed an orc sorcerer
 11214 | Orc:1    | Found a bloodstained altar of Trog.
 11229 | Orc:1    | Found Neiriseu's Jewellery Emporium.
 11242 | Orc:1    | Noticed an orc knight
 11678 | D:9      | Bought a runed plate armour for 598 gold pieces
 11728 | Lair:1   | Entered Level 1 of the Lair of Beasts
 11728 | Lair:1   | Noticed Gastronok
 11757 | Lair:1   | Killed Gastronok
 11757 | Lair:1   | Reached skill level 16 in Polearms
 12139 | Lair:1   | Reached XP level 12. HP: 75/91 MP: 11/11
 12201 | Lair:1   | Reached skill level 17 in Polearms
 12955 | Lair:2   | Reached ****** piety under Elyvilon
 13297 | Lair:2   | Reached skill level 18 in Polearms
 13667 | Lair:2   | Lost mutation: You are frail. (-10% HP) [evolution]
 14219 | Lair:3   | Found a hole to the Spider Nest.
 14411 | Lair:3   | Reached skill level 19 in Polearms
 14508 | Lair:3   | Noticed an eight-headed hydra
 15023 | Lair:3   | Killed an eight-headed hydra
 15670 | Lair:4   | Found a labyrinth entrance.
 15725 | Lab      | Entered a labyrinth
 15959 | Lab      | Noticed a minotaur
 15985 | Lab      | Killed a minotaur
 15985 | Lab      | Reached skill level 20 in Polearms
 15985 | Lab      | Reached XP level 13. HP: 81/107 MP: 12/12
 15992 | Lab      | Got a twitching brass ring
 16003 | Lab      | Got a scorched scale mail
 16082 | Lair:4   | Identified the ring "Wabru Kyl" {rF+ Dex+4} (You took it off a minotaur in a labyrinth)
 16441 | Lair:4   | Found a staircase to the Swamp.
 16493 | Lair:4   | Found a white marble altar of Elyvilon.
 16605 | Lair:4   | Identified the +2 scale mail of Supple Strength {rN++ Int-3 Dex+2 Slay+2} (You found it in a labyrinth)
 17413 | Lair:5   | Found a viscous altar of Jiyva.
 17413 | Lair:5   | Found a staircase to the Slime Pits.
 17422 | Lair:5   | Gained mutation: You have large cloven feet. [evolution]
 17525 | Lair:5   | Noticed Kirke
 17537 | Lair:5   | Killed Kirke
 17537 | Lair:5   | Reached skill level 21 in Polearms
 18283 | Lair:6   | Entered Level 6 of the Lair of Beasts
 19030 | Lair:6   | Reached skill level 22 in Polearms
 20021 | Lair:6   | Reached XP level 14. HP: 83/115 MP: 13/13
 20585 | Lair:6   | Reached skill level 23 in Polearms
 21414 | D:9      | Bought a pair of embroidered gloves for 172 gold pieces
 21470 | D:10     | Bought an encrusted shield for 218 gold pieces
 21470 | D:10     | Bought a scroll of teleportation for 69 gold pieces
 21480 | D:10     | Identified the cursed +0 shield of Guluef {rElec Str+5} (You bought it in a shop on level 10 of the Dungeon)
 21570 | D:12     | Noticed Frances
 22317 | D:11     | Killed Frances
 22733 | D:12     | Found a gateway to a bazaar.
 22745 | Bazaar   | Entered a bazaar
 22745 | Bazaar   | Found Reufikk's Antique Armour Shop.
 22745 | Bazaar   | Found Hogu's Distillery.
 22779 | Bazaar   | Found Zyagg's Antique Weapon Shop.
 22800 | Bazaar   | Bought a potion of heal wounds for 60 gold pieces
 22800 | Bazaar   | Bought a potion of heal wounds for 60 gold pieces
 22888 | D:12     | Gained mutation: You are partially covered in iridescent scales. (AC +2) [evolution]
 23245 | Orc:2    | Noticed Maurice
 23255 | Orc:2    | Reached skill level 24 in Polearms
 23259 | Orc:2    | Killed Maurice
 23463 | D:2      | Fell from the grace of Elyvilon
 23463 | D:2      | Became a worshipper of the Shining One
 23463 | D:2      | Reached * piety under the Shining One
 23463 | D:2      | Reached ** piety under the Shining One
 23463 | D:2      | Reached *** piety under the Shining One
 23685 | Orc:2    | Reached **** piety under the Shining One
 23716 | Orc:2    | Reached skill level 1 in Invocations
 23735 | Orc:2    | Found a staircase to the Elven Halls.
 24154 | Orc:2    | Found Ikub's Antique Weapon Boutique.
 24187 | Orc:2    | Found Saqaps's Distillery.
 24215 | Orc:2    | Found a radiant altar of Vehumet.
 24237 | Orc:2    | Found Omiutiu's Book Boutique.
 24255 | Orc:2    | Found an ancient bone altar of Kikubaaqudgha.
 24313 | Orc:2    | Paralysed by an orc sorcerer for 2 turns
 24368 | Orc:2    | Found a roughly hewn altar of Beogh.
 24405 | Orc:2    | Found Gelyura's Gadget Shop.
 25218 | D:13     | Noticed Snorg
 25229 | D:13     | Killed Snorg
 25884 | D:14     | Reached XP level 15. HP: 123/123 MP: 16/16
 26881 | D:14     | Reached skill level 5 in Invocations
 26903 | D:14     | Noticed a tengu reaver
 26913 | D:14     | HP: 1/124 [deep troll earth mage (12)]
 27314 | D:13     | Gained mutation: You rapidly evolve. [evolution]
 27364 | D:14     | Paralysed by an orc sorcerer for 3 turns
 27635 | D:14     | Found a gate to the Vaults.
 27794 | D:14     | Killed a tengu reaver
 27869 | D:14     | Noticed a storm dragon
 27878 | D:14     | Killed a storm dragon
 28265 | D:15     | Entered Level 15 of the Dungeon
 28346 | D:15     | Reached ***** piety under the Shining One
 28416 | D:15     | Found a staircase to the Depths.
 28467 | D:15     | Found a glowing silver altar of Zin.
 28624 | D:15     | Found Umaxkupn's Weapon Shoppe.
 28780 | D:15     | Reached skill level 10 in Fighting
 28824 | D:15     | Found an opulent altar of Gozag.
 29118 | Depths:1 | Entered Level 1 of the Depths
 29298 | Depths:1 | Found a gateway to a ziggurat.
 29323 | Depths:1 | Noticed a storm dragon
 29338 | Depths:1 | Killed a storm dragon
 29340 | Depths:1 | Noticed an iron dragon
 29360 | Depths:1 | Killed an iron dragon
 29374 | Depths:1 | Noticed a lich
 29391 | Depths:1 | Killed a lich
 29498 | Depths:1 | Reached XP level 16. HP: 61/135 MP: 20/20
 29865 | Depths:1 | Found a runed gate.
 29865 | Depths:1 | Found a runed gate.
 29865 | Depths:1 | Found a runed gate.
 30134 | Depths:1 | Found a gateway to Hell.
 30882 | Depths:1 | Noticed a storm dragon
 30882 | Depths:1 | an entropy weaver changed into a storm dragon
 30884 | Depths:1 | a storm dragon changed into an entropy weaver
 30944 | Depths:1 | Reached ****** piety under the Shining One
 31254 | Depths:1 | Got a pair of polished boots
 31265 | Depths:1 | Identified the +0 pair of boots of Zozaif {Int-3 Dex+7} (You found it on level 1 of the Depths)
 31334 | Depths:2 | Gained mutation: Your mind is very acute. (Int +4) [evolution]
 31515 | Depths:2 | You fall through a shaft for 2 floors!
 31515 | Depths:4 | Noticed a titan
 31515 | Depths:4 | Noticed a sphinx
 31517 | Depths:4 | Noticed a sphinx
 31522 | Depths:4 | Found a one-way gate leading to the halls of Pandemonium.
 31527 | Depths:4 | Reached skill level 10 in Armour
 31536 | Depths:4 | Noticed a storm dragon
 31658 | Depths:3 | Got a sparkling brass ring
 31663 | Depths:3 | Identified the ring of the Townfolk {Fire rPois Str+2 Int+4 Dex+2} (You took it off a balrug on level 3 of the Depths)
 31942 | Depths:3 | Reached skill level 10 in Shields
 32025 | Depths:3 | Identified the +8 chain mail of the Demon Prince {rC+} (You found it on level 3 of the Depths)
 32879 | Depths:2 | Noticed a lich
 32883 | Depths:2 | Killed a lich
 32883 | Depths:2 | Reached skill level 10 in Invocations
 33020 | Depths:2 | Noticed a tentacled monstrosity
 33037 | Depths:2 | Killed a tentacled monstrosity
 33056 | Depths:2 | Noticed a juggernaut
 33060 | Depths:2 | Noticed a golden dragon
 33076 | Depths:2 | Killed a juggernaut
 33088 | Depths:2 | Noticed a titan
 33091 | Depths:2 | Killed a golden dragon
 33385 | Depths:2 | Reached XP level 17. HP: 82/146 MP: 23/23
 33612 | Depths:1 | Gained mutation: Your spells are a little harder to cast, but a little more powerful. [evolution]
 33864 | Depths:2 | Noticed a caustic shrike
 33881 | Depths:2 | Killed a caustic shrike
 35864 | Depths:3 | Lost mutation: Your mind is very acute. (Int +4) [evolution]
 35864 | Depths:3 | Lost mutation: You rapidly evolve. [decline of evolution]
 36040 | Depths:3 | Noticed Saint Roka
 36073 | Depths:3 | Killed Saint Roka
 36407 | Depths:3 | Reached XP level 18. HP: 74/157 MP: 26/26
 38902 | Depths:3 | Gained mutation: You possess an exceptional clarity of mind. [evolution]
 39183 | Depths:4 | Found a one-way gate to the infinite horrors of the Abyss.
 39210 | Depths:5 | Entered Level 5 of the Depths
 39210 | Depths:5 | Noticed a caustic shrike
 39212 | Depths:5 | Noticed a caustic shrike
 39340 | Depths:5 | Noticed Mennas
 39340 | Depths:5 | Noticed a juggernaut
 39990 | Elf:1    | Entered Level 1 of the Elven Halls
 40343 | Elf:1    | Reached XP level 19. HP: 167/167 MP: 28/28
 40949 | Elf:1    | Cast into level 2 of the Abyss (a deep elf demonologist)
 40980 | Elf:1    | Escaped the Abyss
 41676 | Elf:2    | Found a runed gate.
 41676 | Elf:2    | Found a runed gate.
 41676 | Elf:2    | Found a runed gate.
 42187 | Elf:2    | Lost mutation: Armour fits poorly on your strangely shaped body. [evolution]
 42256 | Elf:2    | Reached skill level 15 in Invocations
 42455 | Elf:3    | Entered Level 3 of the Elven Halls
 42455 | Elf:3    | Found Poggiuhe's Assorted Antiques.
 42466 | Elf:3    | Found a magical portal.
 42475 | WizLab   | Entered The Roulette of Golubria
 42475 | WizLab   | Found a transporter.
 42484 | WizLab   | Found a corrupted altar of Lugonu.
 42506 | WizLab   | Found a transporter.
 42506 | WizLab   | Found a transporter.
 42541 | WizLab   | Found a transporter.
 42541 | WizLab   | Found a transporter.
 42579 | WizLab   | Found the +1 cloak of Starlight {rElec rC+ EV+4 Stlth--}
 42579 | WizLab   | Found a transporter.
 42580 | WizLab   | Found a transporter.
 42582 | WizLab   | Found a transporter.
 42616 | WizLab   | Got a fine cloak
 42641 | WizLab   | Identified the cursed +0 cloak of the Imp {Int+3} (You found it in a wizard's laboratory)
 42650 | WizLab   | Identified the cursed -6 cloak of Hospitality {rElec Regen+ MP+9 Str+3} (You found it in a wizard's laboratory)
 42658 | WizLab   | Identified the +0 cloak of the Jackalope {-Tele rF++ Str+4} (You found it in a wizard's laboratory)
 42692 | WizLab   | Found a transporter.
 42692 | WizLab   | Found a transporter.
 42724 | WizLab   | Found a transporter.
 42724 | WizLab   | Found a transporter.
 42760 | WizLab   | Found a transporter.
 42760 | WizLab   | Found a transporter.
 42775 | WizLab   | Reached skill level 15 in Dodging
 42790 | WizLab   | Found a transporter.
 42790 | WizLab   | Found a transporter.
 42822 | WizLab   | Found a transporter.
 42822 | WizLab   | Found a transporter.
 42852 | WizLab   | Found a transporter.
 42852 | WizLab   | Found a transporter.
 43053 | Elf:3    | Bought a bloodstained plate armour for 1064 gold pieces
 43053 | Elf:3    | Identified the cursed +0 plate armour of Tartarus {-Cast rF+ rC+ rCorr} (You bought it in a shop on level 3 of the Elven Halls)
 43082 | Elf:3    | Found the +10 Black Knight's horse barding {ponderous, rPois rN+}
 43126 | Elf:3    | Reached skill level 15 in Fighting
 43685 | Elf:3    | Reached XP level 20. HP: 136/178 MP: 30/30
 43768 | Elf:3    | Got a coiled bronze ring
 43777 | Elf:3    | Got a scorched platinum amulet
 43910 | Elf:3    | Reached skill level 15 in Armour
 44216 | Elf:3    | Gained mutation: Your system is resistant to poisons. (rPois) [evolution]
 44216 | Elf:3    | Lost mutation: You evolve. [end of evolution]
 44452 | Elf:3    | Identified the amulet "Siniv" {Faith Str+3} (You took it off a deep elf mage on level 3 of the Elven Halls)
 44454 | Elf:3    | Identified the ring of Eternal Harmony {rPois MR+} (You took it off a deep elf mage on level 3 of the Elven Halls)
 44483 | Elf:3    | Got a vibrating steel ring
 44484 | Elf:3    | Identified the cursed ring of Icwoet {rF+ AC-2 Int+5} (You took it off a deep elf demonologist on level 3 of the Elven Halls)
 44816 | Elf:3    | Found an ancient bone altar of Kikubaaqudgha.
 45162 | Hell     | Entered the Vestibule of Hell
 45168 | Hell     | Noticed Geryon
 45293 | Hell     | Killed Geryon
 45441 | Hell     | Found a gateway to the Iron City of Dis.
 45527 | Hell     | Found a gateway to the ashen valley of Gehenna.
 45590 | Hell     | Found a gateway to the decaying netherworld of Tartarus.
 45703 | Hell     | Reached XP level 21. HP: 184/184 MP: 33/33
 45704 | Hell     | Found a gateway to the freezing wastes of Cocytus.
 46031 | Depths:3 | Killed Mennas
 46438 | Depths:4 | Identified the +6 spear of Baasud {speed, rElec Str-2 Int+5} (You found it on level 4 of the Depths)
 47179 | Depths:4 | Noticed a caustic shrike
 47194 | Depths:4 | Killed a caustic shrike
 48053 | Depths:4 | Killed a caustic shrike
 48443 | Depths:5 | Noticed a caustic shrike
 48447 | Depths:5 | Noticed a caustic shrike
 48451 | Depths:5 | Noticed a caustic shrike
 48463 | Depths:4 | Killed a caustic shrike
 48473 | Depths:4 | Killed a caustic shrike
 48593 | Depths:4 | Killed a caustic shrike
 48976 | Depths:4 | Killed a caustic shrike
 49885 | Depths:5 | Reached XP level 22. HP: 99/192 MP: 35/35
 50159 | Depths:5 | Noticed a caustic shrike
 50179 | Depths:5 | Killed a caustic shrike
 50286 | Depths:5 | Killed a juggernaut
 50730 | Depths:5 | Noticed Jorgrun
 50743 | Depths:5 | Killed Jorgrun
 51085 | Depths:5 | Found a gate to the Realm of Zot.
 51368 | Depths:5 | Noticed a golden dragon
 51383 | Depths:5 | Killed a golden dragon
 51908 | Dis:1    | Entered Level 1 of the Iron City of Dis
 51986 | Dis:1    | Gained mutation: Armour fits poorly on your strangely shaped body. [a cacodemon]
 53999 | Dis:3    | HP: 8/195 [reaper/scythe of slicing[the effects of Hell] (6)]
 53999 | Dis:3    | HP: 2/195 [skeletal warrior/dire flail[the effects of Hell] (6)]
 53999 | Dis:3    | Slain by a golden dragon zombie

Skill      XL: |  1  2  3  4  5  6  7  8  9 10 11 12 13 14 15 16 17 18 19 20 21 22 |
---------------+-------------------------------------------------------------------+-----
Armour         | 4 5 6 7 9 10 12 13 14 15 | 15.0
Fighting       | 4 5 7 8 10 11 13 14 15 16 | 16.1
Dodging        | 1 2 3 4 7 9 10 11 12 13 14 15 | 15.0
Polearms       | 3 4 6 8 11 13 16 20 22 24 | 24.0
Shields        | 4 5 6 9 10 12 13 | 13.6
Invocations    | 3 7 10 12 14 15 19 21 23 | 23.7

Action                   |  1- 3 |  4- 6 |  7- 9 | 10-12 | 13-15 | 16-18 | 19-21 | 22-24 || total
-------------------------+-------+-------+-------+-------+-------+-------+-------+-------++-------
Melee: Trident           |   138 |   105 |   341 |  1150 |  1457 |  1278 |  1611 |   701 ||  6781
       Headbutt          |    16 |    17 |    59 |   220 |   386 |   427 |   462 |   228 ||  1815
       Kick              |       |       |     1 |       |       |       |       |       ||     1
Invok: Greater Healing   |       |       |       |       |     1 |       |       |       ||     1
       Summon Divine War |       |       |       |       |     2 |     7 |     3 |     1 ||    13
       Cleansing Flame   |       |       |       |       |     1 |     9 |    39 |    21 ||    70
Evoke: Wand              |       |       |       |     5 |    12 |     7 |    17 |       ||    41
       Phial of floods   |       |       |       |       |     1 |     2 |     3 |       ||     6
       Lamp of fire      |       |       |       |       |       |     1 |     3 |       ||     4
  Use: Scroll            |     9 |       |    14 |     4 |    11 |    11 |    17 |       ||    66
       Potion            |       |     1 |     4 |     3 |     5 |     9 |     1 |     5 ||    28
 Stab: Distracted        |       |       |       |     1 |       |       |       |       ||     1
  Eat: Chunk             |     2 |       |    13 |    25 |    22 |     5 |     3 |       ||    70
       Ration            |       |     1 |       |     4 |     6 |    10 |    11 |     4 ||    36
Armor: Chain mail        |    48 |    27 |    88 |   133 |       |   190 |    52 |       ||   538
       Scale mail        |     1 |       |       |       |       |       |       |       ||     1
       Skin              |       |       |     9 |       |       |       |       |       ||     9
       Plate armour      |       |       |       |   139 |   415 |    42 |   226 |   132 ||   954
Dodge: Dodged            |    23 |     8 |    75 |   211 |   357 |   342 |   450 |   166 ||  1632
       Deflected         |       |       |       |       |    31 |    23 |     6 |       ||    60
Block: Shield            |    53 |    39 |   122 |   356 |   594 |   723 |   896 |   316 ||  3099
       Reflection        |       |       |       |       |    20 |    55 |    66 |     3 ||   144
